 Dungeon Crawl Stone Soup version 0.28-a0-1159-g27aa881441 (webtiles) character file.

Game seed: 12412434699640481891

98 spaghetti the Skirmisher (level 4, -4/39 HPs)
             Began as a Mummy Delver on Dec 15, 2021.
             Slain by a gnoll (7 damage)
             ... on level 4 of the Dungeon.
             The game lasted 00:01:30 (948 turns).

spaghetti the Skirmisher (Mummy Delver)              Turns: 948, Time: 00:01:30

Health: -4/39      AC:  3    Str: 17    XL:     4   Next: 44%
Magic:  4/4        EV: 11    Int:  9    God:
Gold:   152        SH:  0    Dex: 13    Spells: 3/3 levels left

rFire   x . .      SeeInvis .   a - +0 mace {mace}
rCold   + . .      Faith    .   (no shield)
rNeg    + + +      Spirit   .   b - +0 leather armour
rPois   ∞          Reflect  .   (no helmet)
rElec   .          Harm     .   (no cloak)
rCorr   .          Rampage  .   (no gloves)
Will    .....                   (no boots)
Stlth   ++........              (no amulet)
HPRegen 0.13/turn               (no ring)
MPRegen 0.09/turn               (no ring)

@: no status effects
A: cold resistance 1, negative energy resistance 3, torment resistance 2, heat
vulnerability 1, no potions
a: no special abilities


You were on level 4 of the Dungeon.
You visited 1 branch of the dungeon, and saw 3 of its levels.

You collected 152 gold pieces.


Innate Abilities, Weirdness & Mutations

You are immune to poison.
Your flesh is cold resistant. (rC+)
You are immune to negative energy. (rN+++)
You are immune to unholy pain and torment.
You are vulnerable to heat. (rF-)
You do not drink.


   Skills:
 + Level 5.3 Fighting
 - Level 1.5 Maces & Flails
 - Level 1.5 Dodging
 - Level 4.1 Stealth


You had 3 spell levels left.
You didn't know any spells.
Your spell library was empty.

Inventory:

Hand Weapons
 a - a +0 mace (weapon) {mace}
Missiles
 g - 40 sling bullets
 i - 13 arrows
 k - 26 stones (quivered) {throwing}
Armour
 b - a +0 leather armour (worn)
Jewellery
 l - an amulet of magic regeneration {@e2}
   (You found it on level 4 of the Dungeon)
Wands
 f - a wand of digging (3)
 j - a wand of acid (9)
   (You found it on level 4 of the Dungeon)
Scrolls
 c - a scroll of fog
 d - a scroll of magic mapping {!r}
 e - 3 scrolls of fear
 h - a scroll of silence {!r}

Dungeon Overview and Level Annotations

Branches:
Dungeon (6/15)
 Temple: D:4-7

Altars:
Sif Muna
Xom

Shops:
D:6

: #.# #.#####..
####..####........
#....#.....#####..
#.##..###.........
#.##..............
#.#........######.
#.#.#####..# #. #...#
#..# #. #@#.# #.## #.
#####g#.# #.## ####.
#...).#.#####..###....
#...#.#...............
#...#.####.#...###.###
#.⌠ #.# #.##.## #.# #
.... #.# #.##.## #.# #
.... #.# #.#...###.###
....
#.####......##....


You could see a gnoll.


Message History

A goblin is nearby!
The goblin shouts!
You closely miss the goblin. The goblin closely misses you.
You closely miss the goblin. The goblin barely misses you.
You hit the goblin. The goblin closely misses you.
The goblin hits you but does no damage.
You closely miss the goblin. The goblin hits you but does no damage.
You hit the goblin.
You kill the goblin!
No target in view!
No target in view!
No target in view!
No target in view!
No target in view!
No target in view!
No target in view!
No target in view!
No target in view!
No target in view!
No target in view!
No target in view!
You see here a +0 ring mail.
A kobold comes into view. It is wielding a +0 short sword.
The kobold shouts!
You hit the kobold. The kobold hits you but does no damage.
The kobold misses you.
You hit the kobold.
You kill the kobold!
No target in view!
No target in view!
No target in view!
No target in view!
No target in view!
No target in view!
No target in view!
No target in view!
No target in view!
No target in view!
No target in view!
No target in view!
No target in view!
No target in view!
No target in view!
No target in view!
No target in view!
k - 5 stones {throwing}
Things that are here:
a +0 short sword {short}; a kobold corpse You see here a pink potion.
You see here a pink potion.
l - an amulet of magic regeneration {@e2}
k - 26 stones {throwing} (gained 21)
You now have 152 gold pieces (gained 10).
A gnoll comes into view. It is wielding a +0 whip.
You start waiting.
Done waiting.
What are your orders? t - Shout!
Orders for allies: a - Attack new target. r - Retreat! s - Stop attacking. g - Guard the area. f - Follow me.
Anything else - Cancel.
You shout for attention!
You hear a shout!
You start waiting.
A gnoll comes into view. It is wielding a +0 halberd.
A gnoll comes into view. It is wielding a +0 spear.
The gnoll shouts! x2
The gnoll hits you with a +0 halberd. 😕 HP[-3]
You take 3 damage, and now have 36/39 hp.
You closely miss the gnoll.
The gnoll shouts!
The gnoll hits you with a +0 halberd. 😕 HP[-3]
You take 3 damage, and now have 33/39 hp.
You hit the gnoll.
The gnoll hits you with a +0 halberd! x2
* * * LOW HITPOINT WARNING * * *
You are too injured to fight recklessly! 😨 HP[-22]
You take 22 damage, and now have 11/39 hp.
MASSIVE DAMAGE!! (PAUSE)
Aiming: Corrosive Bolt
Press: ? - help, Shift-Dir - straight line The bolt of acid hits the gnoll!
The acid corrodes the gnoll!
You kill the gnoll!
The gnoll barely misses you. The gnoll hits you with a +0 hand axe!
* * * LOW HITPOINT WARNING * * *
😱 HP[-8]
You take 8 damage, and now have 3/39 hp.
MASSIVE DAMAGE!! (PAUSE)
Things that are here:
a +0 halberd {polearm}; 20 gold pieces
Aiming: Corrosive Bolt
Press: ? - help, Shift-Dir - straight line, f - gnoll
Aim: a gnoll, wielding a +0 spear (75% to hit)
The bolt of acid misses the gnoll.
The bolt of acid hits the gnoll!
The acid corrodes the gnoll!
You kill the gnoll!
The gnoll hits you with a +0 hand axe!
You die...

Skill      XL: |  1  2  3 |
---------------+----------+-----
Fighting       | 4 5 |  5.3
Maces & Flails | |  1.5
Dodging        | |  1.5
Stealth        | |  4.1

Action                   |  1- 3 |  4- 6 || total
-------------------------+-------+-------++-------
Melee: Mace              |    17 |     9 ||    26
Evoke: Wand              |       |     2 ||     2
  Use: Scroll            |     1 |     3 ||     4
Armor: Leather armour    |     5 |     3 ||     8
Dodge: Dodged            |    12 |     5 ||    17

Levels and vault maps discovered:
D:4:      layout_loops_ring, nicolae_tso_carved_into_rock, lemuel_round_altar,
          nicolae_elevator_lobby_asterisk, uniq_blork_the_orc,
          uniq_crazy_yiuf_cottage
D:5:      layout_layer_cave, minmay_temple_entry_statues_pillars,
          nrook_campfire, uniq_sigmund, uniq_pikel
D:6:      minmay_general_purpose_star, layout_basic, dk_xom_monty_hall,
          serial_shops, shop, shop, shop_coins, dk_vineyard_2, uniq_grinder,
          uniq_menkaure

Notes
Turn   | Place    | Note
-------+----------+-------------------------------------------
     0 | D:5      | spaghetti the Mummy Delver began the quest for the Orb.
     0 | D:5      | Reached XP level 1. HP: 18/18 MP: 1/1
     0 | D:5      | magus.rc [v1.9.6]
    12 | D:5      | Noticed a sky beast
    22 | D:6      | Noticed a hound
    22 | D:6      | Found Xacuc's Book Boutique.
    27 | D:6      | Killed a hound
    28 | D:6      | Reached skill level 4 in Fighting
    28 | D:6      | Reached XP level 2. HP: 16/25 MP: 2/2
    28 | D:6      | Reached XP level 3. HP: 19/30 MP: 3/3
   276 | D:6      | Found a shimmering altar of Xom.
   334 | D:6      | Noticed an orc warrior
   359 | D:5      | Reached skill level 5 in Fighting
   359 | D:5      | Reached XP level 4. HP: 26/39 MP: 4/4
   629 | D:4      | Found a shimmering blue altar of Sif Muna.
   946 | D:4      | HP: 3/39 [gnoll (8)]
   948 | D:4      | Slain by a gnoll

Vanquished Creatures
  A hound (D:6)
  A jelly (D:6)
  A bullfrog skeleton (D:5)
  2 gnolls (D:4)
  A goblin (D:4)
  A kobold (D:4)
7 creatures vanquished.

Table legend:
 A = Non-vault XP
 B = Vault XP
 C = Vault XP percentage of total XP
 D = Non-vault monster count
 E = Vault monster count
 F = Vault count percentage of total count
                 A         B        C        D         E       F
            +---------+---------+-------+---------+---------+-------
      Total |     155 |       0 |   0.0 |       7 |       0 |   0.0
            +---------+---------+-------+---------+---------+-------
        D:4 |      30 |       0 |   0.0 |       4 |       0 |   0.0
        D:5 |      40 |       0 |   0.0 |       1 |       0 |   0.0
        D:6 |      85 |       0 |   0.0 |       2 |       0 |   0.0
            +---------+---------+-------+---------+---------+-------

Illustrated notes

Table legend:
 A = Kills in this place as a percentage of kills in entire the game.
 B = Kills by you in this place as a percentage of kills by you in the entire game.
 C = Kills by friends in this place as a percentage of kills by friends in the entire game.
 D = Other kills in this place as a percentage of other kills in the entire game.
 E = Experience gained in this place as a percentage of experience gained in the entire game.
 F = Experience gained in this place divided by the number of levels of this place that you have seen.
                   A       B       C       D       E      F
               +-------+-------+-------+-------+-------+----------------------
         Total | 100.0 | 100.0 |   N/A |   N/A | 100.0 |  51.7
       Dungeon | 100.0 | 100.0 |   N/A |   N/A | 100.0 |  51.7
               +-------+-------+-------+-------+-------+----------------------

Table legend: (Time is in decaauts)
 A = Elapsed time spent in this place.
 B = Non-inter-level travel time spent in this place.
 C = Inter-level travel time spent in this place.
 D = Time resting spent in this place.
 E = Time spent auto-exploring this place.
 F = Levels seen in this place.
 G = Mean time per level.
                   A        B        C        D        E       F      G
               +--------+--------+--------+--------+--------+-----+--------+
         Total |    956 |    941 |     15 |    466 |    376 |   3 |  318.7 |
       Dungeon |    956 |    941 |     15 |    466 |    376 |   3 |  318.7 |
               +--------+--------+--------+--------+--------+-----+--------+

Top non-repeatable levels by time:
     D:4: 326 daAuts
     D:6: 320 daAuts
     D:5: 309 daAuts
